 Dungeon Crawl Stone Soup version 0.23-a0-629-gae4348f6cf (webtiles) character file.

40 Napalmbreeze the Gusty (level 3, -5/19 HPs)
             Began as a Tengu Air Elementalist on Dec 26, 2018.
             Slain by Natasha (7 damage)
             ... on level 2 of the Dungeon.
             The game lasted 00:02:36 (1133 turns).

Napalmbreeze the Gusty (Tengu Air Elementalist)     Turns: 1133, Time: 00:02:37

Health: -5/19      AC:  2    Str:  8    XL:     3   Next: 50%
Magic:  0/7        EV: 12    Int: 16    God:
Gold:   76         SH:  0    Dex: 14    Spells: 5/6 levels left

rFire    . . .     SeeInvis .   h - +2 dagger (venom)
rCold    . . .     Gourm    .   (no shield)
rNeg     + . .     Faith    .   a - +0 robe
rPois    .         Spirit   .   (helmet restricted)
rElec    .         Reflect  .   (no cloak)
rCorr    .         Harm     .   (no gloves)
MR       .....                  (boots unavailable)
Stlth    ++........             (no amulet)
HPRegen  0.06/turn              f - ring of positive energy
MPRegen  0.10/turn              (no ring)

@: slowed, very slow
A: beak, talons 3
a: no special abilities


You were on level 2 of the Dungeon.
You were very hungry.

You visited 1 branch of the dungeon, and saw 2 of its levels.

You collected 76 gold pieces.

Inventory:

Hand Weapons
 h - a +2 dagger of venom (weapon)
Armour
 a - a +0 robe (worn)
Jewellery
 b - a cursed amulet of inaccuracy {unknown}
 f - a ring of positive energy (left hand)
Wands
 j - a wand of paralysis (7)
Scrolls
 d - a scroll of teleportation {unknown}
 e - a scroll of identify {unknown}
 g - a scroll of enchant armour {unknown}
Potions
 i - a potion of might {unknown}
Comestibles
 c - a ration


   Skills:
 - Level 2.1 Dodging
 - Level 2.0 Stealth
 + Level 2.4 Spellcasting
 * Level 3.2 Conjurations
 + Level 4.5 Air Magic


You had 5 spell levels left.
You knew the following spells:

 Your Spells              Type           Power        Failure   Level  Hunger
a - Shock                 Conj/Air       ##..         4%          1    #......

Your spell library contained the following spells:

 Spells                   Type           Power        Failure   Level  Hunger
 Swiftness                Chrm/Air       #.......     12%         2    ###....
 Static Discharge         Conj/Air       ##......     12%         3    ###....
 Airstrike                Air            ###.......   30%         4    #####..
 Lightning Bolt           Conj/Air       ##........   73%         5    ######.


Dungeon Overview and Level Annotations

Branches:
Dungeon (2/15)

Altars:

Annotations:
D:2 Natasha


Innate Abilities, Weirdness & Mutations

You have a beak for a mouth.
You have claws for feet.


Message History

Natasha is heavily wounded.
Natasha claws you! Natasha barely misses you.
Unknown command.
You hit Natasha. Your kick misses Natasha.
Natasha is severely wounded.
Natasha barely misses you. x2
Unknown command.
Casting: Shock (safe; 4% risk of failure)
Confirm with . or Enter, or press ? or * to list all spells.
Aiming: Shock (safe; 4% risk of failure)
Press: ? - help, Shift-Dir - straight line, f/p - Natasha
Aim: Natasha (severely wounded, poisoned)
The zap hits Natasha.
Natasha is severely wounded.
Natasha claws you!
* * * LOW HITPOINT WARNING * * *
You closely miss Natasha. Your peck misses Natasha.
Natasha is almost dead.
Natasha barely misses you. Natasha claws you!
You die...

#.#.# .#
######.#.####.# †
####.............##..
#.....................
##.##...###.#.#.......
#......>.##.......#
#.........#.###.######.
#..........)#
#h.......#
#.........#.#
#@######.#
#........##.....# #.#
#..#...#####.### #.#
#...........#.# #.#
#...##......#.# #.#
#... #####..#.# #.#
#...######..#.# ##<#
........##..#.# #..#
........##..#.# #.##


You could see Natasha.

Vanquished Creatures
  2 adders (D:2)
  An ooze (D:1)
  A dart slug (D:1)
  2 giant cockroaches
  4 goblins
  A hobgoblin (D:1)
  2 kobolds (D:1)
  2 bats (D:1)
  A rat (D:1)
16 creatures vanquished.

Notes
Turn   | Place    | Note
-------+----------+-------------------------------------------
     0 | D:1      | Napalmbreeze the Tengu Air Elementalist began the quest for
                  | the Orb.
     0 | D:1      | Reached XP level 1. HP: 10/10 MP: 4/4
   194 | D:1      | Reached XP level 2. HP: 15/15 MP: 4/6
   928 | D:2      | Reached XP level 3. HP: 15/19 MP: 3/7
  1121 | D:2      | Noticed Natasha
  1133 | D:2      | Slain by Natasha

Vault maps used:
D:1:      psy_arrival_basics
D:2:      okawaru_gym_becter, nicolae_ru_the_path_less_chosen, uniq_sigmund,
          uniq_natasha

Skill      XL: |  1  2 |
---------------+-------+-----
Conjurations   | 2 3 |  3.2
Dodging        | |  2.1
Stealth        | |  2.0
Spellcasting   | |  2.4
Air Magic      | |  4.5

Action                   || total
-------------------------++-------
Melee: Unarmed           ||     2
       Kick              ||     2
       Dagger            ||    11
 Cast: Shock             ||    41
Armor: Robe              ||     1
Dodge: Dodged            ||    17

Table legend:
 A = Non-vault XP
 B = Vault XP
 C = Vault XP percentage of total XP
 D = Non-vault monster count
 E = Vault monster count
 F = Vault count percentage of total count
                 A         B        C        D         E       F
            +---------+---------+-------+---------+---------+-------
      Total |      58 |       0 |   0.0 |      16 |       0 |   0.0
            +---------+---------+-------+---------+---------+-------
        D:1 |      28 |       0 |   0.0 |      12 |       0 |   0.0
        D:2 |      30 |       0 |   0.0 |       4 |       0 |   0.0
            +---------+---------+-------+---------+---------+-------
